Map: Chain of Ascension

Players

NamroodTuo

  • Race: Zerg Zerg

Ashrak

  • Race: Zerg Zerg
  • Spawn Location: 11:00

VOD

Have the link to the VOD?

Description

Time

  • Played on: Jan. 9, 2023, 4:50 a.m.
  • Length: 28:53
Show
View Real Time Build Order
Export as new Build Order

NamroodTuo Zerg 

Build Orders:  

Get SALT Encoding   

  12  0:07  Infested SCV  
  13  0:20  Overlord  
  13  0:34  Overlord  
  13  0:38  Infested SCV  
  14  0:50  Infested SCV  
  15  1:07  Infested Barracks  
  15  1:09  Infested SCV  
  16  1:20  Infested SCV  
  16  1:25  Infested SCV  
  18  1:37  Infested SCV  
  18  1:38  Infested Engineering Bay  
  19  1:50  Infested Refinery  
  19  1:54  Infested Refinery  
  19  1:56  Infested SCV  
  20  2:18  Infestation Level 1  
  20  2:31  Infested SCV  
  20  2:39  Infested SCV  
  22  2:50  Infested SCV  
  23  3:06  Regenerative Plating  
  23  3:10  Infested SCV  
  23  3:17  Infested SCV  
  25  3:23  Infested Barracks Tech Lab  
  25  3:34  Infested SCV  
  26  3:59  Infested Bunker  
  30  4:16  Retinal Augmentation  
  30  4:35  Infested Marine  
  31  4:42  Overlord  
  31  4:43  Overlord  
  31  4:55  Infestation Level 2  
  31  4:59  Stukov Infantry Weapons Level 1  
  31  5:14  Infested SCV  
  31  5:15  Infested SCV  
  31  5:16  Plagued Munitions  
  31  5:17  Infested SCV  
  31  5:18  Infested SCV  
  35  5:55  Infested Bunker  
  39  6:04  Infested Marine x2  
  39  6:05  Infested Marine  
  39  6:06  Infested Marine  
  42  7:13  Infested Marine  
  42  7:14  Infested Marine x4  
  47  7:20  Overlord x4  
  47  7:21  Overlord  
  47  7:28  Anaerobic Enhancement  
  47  7:39  Stukov Infantry Armor Level 1  
  47  7:42  Infested Factory  
  48  7:50  Infested Bunker  
  48  8:42  Infested Bunker  
  46  9:13  Infested Barracks  
  50  9:37  Infested Bunker  
  50  9:56  Infested SCV x2  
  50  9:57  Infested SCV  
  53  10:03  Infested Armory  
  53  10:13  Infested Barracks  
  53  11:05  Infested Barracks  
  53  11:08  Infested Barracks  
  53  11:12  Infested Marine x4  
  53  11:16  Calcified Armor  
  57  11:25  Infested Marine  
  57  11:26  Infested Marine x7  
  57  11:27  Infested Marine x6  
  71  11:42  Infested Marine x6  
  71  11:43  Infested Marine x9  
  86  11:51  Infested Marine  
  87  12:06  Overlord x2  
  87  12:07  Overlord x3  
  86  12:16  Stukov Infantry Weapons Level 2  
  68  13:25  Infested Bunker  
  58  13:37  Broodling Gestation  
  61  14:07  Infested Bunker  
  61  14:15  Infested Marine  
  61  14:16  Infested Marine x18  
  80  14:41  Infested Marine  
  80  14:42  Infested Marine x7  
  80  14:43  Infested Marine x9  
  97  15:07  Infestation Level 3  
  99  15:21  Infested Bunker  
  99  15:26  Stukov Infantry Armor Level 2  
  90  15:43  Infested Bunker  
  69  16:44  Infested Bunker  
  73  16:51  Infested Marine  
  73  16:52  Infested Marine x12  
  73  16:58  Overlord  
  81  18:14  Overlord x3  
  81  18:15  Overlord x2  
  81  18:29  Infested Bunker  
  85  18:36  Stukov Infantry Weapons Level 3  
  77  19:49  Overlord x5  
  81  20:03  Infested Bunker  
  81  20:22  Infested Marine  
  81  20:23  Infested Marine x8  
  81  20:24  Infested Marine x15  
  105  20:36  Infested Marine  
  105  20:37  Infested Marine x9  
  115  20:57  Infested Marine  
  115  20:58  Infested Marine x15  
  115  20:59  Infested Marine x6  
  112  22:16  Stukov Infantry Armor Level 3  
  112  22:24  Infested Marine  
  112  22:25  Infested Marine x15  
  101  22:51  Infested Bunker  
  101  23:08  Infested Marine  
  101  23:09  Infested Marine x12  
  114  23:18  Infested Command Center  
  114  23:37  Infested Marine  
  114  23:38  Infested Marine x4  
  114  23:39  Infested Marine x18  
  137  23:53  Infested Marine  
  137  23:54  Infested Marine x15  
  137  23:55  Infested Marine x15  
  145  24:28  Infested Marine x5  
  145  24:29  Infested Marine x20  
  169  24:30  Infested Marine x4  
  166  25:15  Infested Marine  
  166  25:16  Infested Marine x9  
  166  25:17  Infested Marine x22  
  144  25:51  Infested Marine  
  144  25:52  Infested Marine x9  
  144  25:53  Infested Marine x21  
  144  25:54  Infested Marine x7  
  144  25:55  Infested Marine  
  183  26:18  Infested Marine  
  183  26:19  Infested Marine x14  
  171  26:20  Infested Marine x4  
  143  27:17  Infested Marine  
  143  27:18  Infested Marine x9  
  153  27:21  Infested SCV x3  
  153  27:22  Infested SCV x2  
  119  28:09  Infested Marine x2  
  102  28:10  Infested Marine x10  
  111  28:38  Unknown  
Show
View Real Time Build Order
Export as new Build Order

Ashrak Zerg 

Build Orders:  

Get SALT Encoding   

  6  0:10  Drone x2  
  6  0:19  Drone x2  
  8  0:30  Extractor  
  8  0:34  Extractor  
  8  0:36  Drone x2  
  8  0:48  Drone x2  
  9  1:03  Drone x2  
  9  1:04  Drone x2  
  11  1:21  Drone x2  
  12  1:39  Spawning Pool  
  11  1:44  Drone x2  
  12  1:52  Drone x2  
  13  2:01  Overlord  
  13  2:27  Queen  
  14  2:30  Overlord  
  14  2:33  Zergling x2  
  14  2:34  Zergling x2  
  14  2:38  Zergling x2  
  17  2:40  Zergling x2  
  18  2:58  Metabolic Boost  
  18  3:04  Centrifugal Hooks  
  18  3:19  Baneling Nest  
  18  3:25  Evolution Chamber  
  17  3:30  Lair  
  17  3:35  Zergling x4  
  17  3:36  Zergling x4  
  21  3:49  Baneling x2  
  21  3:50  Baneling x5  
  21  3:51  Baneling x3  
  13  4:46  Heroic Fortitude  
  13  4:56  Aberration  
  13  4:57  Aberration x2  
  22  5:04  Drone x2  
  14  6:23  Drone x6  
  17  6:35  Aberration x2  
  17  6:36  Aberration x2  
  17  6:37  Overlord  
  29  6:44  Overlord  
  29  7:18  Hatchery  
  17  8:19  Aberration x3  
  51  8:20  Aberration  
  26  8:26  Drone x2  
  30  8:33  Drone x4  
  30  8:34  Drone x2  
  30  8:38  Drone x2  
  22  10:22  Zergling x2  
  22  10:23  Zergling x16  
  22  10:24  Zergling x2  
  31  10:32  Queen  
  24  11:47  Aberration  
  24  11:48  Aberration x5  
  42  11:51  Aberration  
  42  11:52  Aberration x2  
  49  12:54  Drone x2, Scourge Nest  
  49  12:55  Drone x4  
  51  13:01  Extractor  
  51  13:03  Extractor  
  51  13:05  Drone x2  
  51  13:06  Overlord  
  51  13:07  Overlord  
  51  13:28  Hive  
  51  14:02  Scourge x4  
  51  14:03  Scourge x18  
  24  15:02  Adrenal Overload  
  24  15:34  Drone x2  
  24  15:37  Overseer x2  
  25  15:40  Zerg Flyer Weapons Level 1  
  25  16:12  Scourge x2  
  25  16:13  Scourge x6  
  29  16:40  Zergling x2  
  29  16:41  Zergling x22  
  29  16:46  Queen  
  42  16:55  Zergling x4  
  26  17:40  Unknown  
  26  18:11  Zergling x2  
  26  18:12  Zergling x24  
  39  18:41  Zergling x2  
  39  18:42  Zergling x8  
  26  19:20  Aberration  
  26  19:21  Aberration x5  
  44  20:27  Aberration  
  44  20:28  Aberration  
  50  20:32  Overlord x3  
  50  20:33  Overlord x2  
  50  20:35  Zergling x2  
  51  21:14  Zergling x2  
  51  21:15  Zergling x20  
  51  21:19  Overseer x2  
  44  22:14  Aberration  
  44  22:15  Aberration x11  
  78  22:21  Unknown  
  78  23:33  Zergling x12  
  78  23:34  Zergling x16  
  91  24:00  Overlord x3  
  88  24:13  Unknown  
  88  24:14  Unknown x2  
  30  25:40  Unknown  
  30  25:47  Aberration  
  30  25:48  Aberration x8  
  30  25:49  Aberration x3  
Tags
 
Add a new tag
Caveats
  • Supply blocks, unpowered buildings, or Contaminate may cause inaccurate times.
  • Supply counts are checked every 10 seconds.